PR
LONG ISLAND DUCKS @ INDIANA LEAD SOX
07/13/2041
 
TOP OF THE 1ST
Long Island Ducks batting - Pitching for Indiana Lead Sox : RHP Ed Pearce
Pitching: RHP Ed Pearce
Batting: RHB Kyle Michaud 0-0: Ball
1-0: Called Strike
1-1: Ball
2-1: Called Strike
2-2: Ball
3-2: Foul Ball, location: 9LSF, Error on foul ball, E9
3-2: SINGLE (Groundball, 56S, EV 69.4 MPH) (infield hit)
Batting: RHB Abdul Razzad Zaimukhes 0-0: Ball
1-0: Grounds into double play, 1-6-3 (Groundball, 13S, EV 73.8 MPH)
Batting: LHB Bilal Hussain 0-0: Ball
1-0: Ball
2-0: Foul Ball, location: 2F
2-1: Ball
3-1: Base on Balls
Batting: RHB Kenny Wright 0-0: Foul Ball, location: 2F
0-1: Foul Ball, location: 2F
0-2: Strikes out looking
Top of the 1st over - 0 runs, 1 hit, 1 error, 1 left on base; Long Island 0 - Indiana 0
BOTTOM OF THE 1ST
Indiana Lead Sox batting - Pitching for Long Island Ducks : LHP Everton Stirzacre
Pitching: LHP Everton Stirzacre
Batting: LHB David Davis 0-0: Called Strike
0-1: SINGLE (Groundball, 4D, EV 102.5 MPH)
Batting: RHB Jason Conway 0-0: Called Strike
0-1: Ball
1-1: SINGLE (Line Drive, 9S, EV 96.9 MPH)
David Davis to second
Batting: RHB Rich Pope 0-0: Called Strike
0-1: Ball
1-1: Ball
2-1: Called Strike
2-2: Strikes out swinging
Batting: RHB John Williams 0-0: Ball
1-0: Called Strike
1-1: Ball
2-1: Called Strike
2-2: Ball
3-2: Foul Ball, location: 2F
3-2: Strikes out looking
Batting: RHB Corey Joseph 0-0: Ball
1-0: Fly out, F8 (Flyball, 8RS, EV 87.5 MPH)
Bottom of the 1st over - 0 runs, 2 hits, 0 errors, 2 left on base; Long Island 0 - Indiana 0
TOP OF THE 2ND
Long Island Ducks batting - Pitching for Indiana Lead Sox : RHP Ed Pearce
Batting: RHB Alfredo Torres 0-0: Ball
1-0: Foul Ball, location: 2F
1-1: Ball
2-1: Ball
3-1: Called Strike
3-2: Foul Ball, location: 2F
3-2: SINGLE (Groundball, 56S, EV 71.9 MPH) (infield hit)
Batting: RHB Robert Green 0-0: Called Strike
0-1: Swinging Strike
0-2: Foul Ball, location: 2F
0-2: Ball
1-2: Strikes out swinging
Batting: RHB Sergio González 0-0: Called Strike
0-1: Ball
1-1: Swinging Strike
1-2: Ball
2-2: Strikes out swinging
Batting: RHB Al Ruíz 0-0: Foul Ball, location: 2F
0-1: Fly out, F7 (Flyball, 78D, EV 89.4 MPH)
Top of the 2nd over - 0 runs, 1 hit, 0 errors, 1 left on base; Long Island 0 - Indiana 0
BOTTOM OF THE 2ND
Indiana Lead Sox batting - Pitching for Long Island Ducks : LHP Everton Stirzacre
Batting: RHB Gary Bly 0-0: Called Strike
0-1: Ground out U3 (Groundball, 3L, EV 84.4 MPH)
Batting: SHB Tom Gray 0-0: Called Strike
0-1: Fly out, F7 (Flyball, 7S, EV 89.4 MPH)
Batting: RHB Roy Smith 0-0: Fly out, F9 (Flyball, 9D, EV 81.9 MPH)
Bottom of the 2nd over - 0 runs, 0 hits, 0 errors, 0 left on base; Long Island 0 - Indiana 0
TOP OF THE 3RD
Long Island Ducks batting - Pitching for Indiana Lead Sox : RHP Ed Pearce
Batting: RHB Tom Kelley 0-0: Called Strike
0-1: Ball
1-1: Foul Ball, location: 2F
1-2: Strikes out swinging
Batting: RHB Kyle Michaud 0-0: Ball
1-0: Called Strike
1-1: Fly out, F8 (Flyball, 8LM, EV 79.4 MPH)
Batting: RHB Abdul Razzad Zaimukhes 0-0: Ball
1-0: Ball
2-0: Called Strike
2-1: Swinging Strike
2-2: Ball
3-2: Ground out 6-3 (Groundball, 6S, EV 68.8 MPH)
Top of the 3rd over - 0 runs, 0 hits, 0 errors, 0 left on base; Long Island 0 - Indiana 0
BOTTOM OF THE 3RD
Indiana Lead Sox batting - Pitching for Long Island Ducks : LHP Everton Stirzacre
Batting: RHB Aimo Joenlahti 0-0: Ball
1-0: DOUBLE (Line Drive, 89D, EV 108.8 MPH) - OUT at third base trying to stretch hit.
Batting: LHB David Davis 0-0: Ball
1-0: Ball
2-0: Foul Ball, location: 2F
2-1: Ball
3-1: Called Strike
3-2: Ground out 4-3 (Groundball, 34, EV 102.5 MPH)
Batting: RHB Jason Conway 0-0: Foul Ball, location: 2F
0-1: Foul Ball, location: 2F
0-2: Fly out, F8 (Line Drive, 8LM, EV 91.9 MPH)
Bottom of the 3rd over - 0 runs, 1 hit, 0 errors, 0 left on base; Long Island 0 - Indiana 0
TOP OF THE 4TH
Long Island Ducks batting - Pitching for Indiana Lead Sox : RHP Ed Pearce
Batting: LHB Bilal Hussain 0-0: SINGLE (Flyball, 89M, EV 84.4 MPH)
Batting: RHB Kenny Wright 0-0: Grounds into double play, 5-4-3 (Groundball, 56S, EV 85.0 MPH)
Batting: RHB Alfredo Torres 0-0: Ball
1-0: Called Strike
1-1: Called Strike
1-2: Ground out 1-3 (Groundball, P, EV 81.9 MPH)
Top of the 4th over - 0 runs, 1 hit, 0 errors, 0 left on base; Long Island 0 - Indiana 0
BOTTOM OF THE 4TH
Indiana Lead Sox batting - Pitching for Long Island Ducks : LHP Everton Stirzacre
Batting: RHB Rich Pope 0-0: Called Strike
0-1: Ball
1-1: Foul Ball, location: 2F
1-2: Fly out, F6 (Popup, 6M, EV 50.6 MPH)
Batting: RHB John Williams 0-0: DOUBLE (Line Drive, 7LS, EV 102.5 MPH)
Batting: RHB Corey Joseph 0-0: Ball
1-0: Ball
2-0: Swinging Strike
2-1: Called Strike
2-2: Foul Ball, location: 2F
2-2: Ball
3-2: Strikes out swinging
Batting: RHB Gary Bly 0-0: Ball
1-0: Called Strike
1-1: Ball
2-1: Ball
3-1: Base on Balls
Batting: SHB Tom Gray 0-0: Ball
1-0: Ball
2-0: Fielders Choice at 2nd, 6-4 (Groundball, 56, EV 95.0 MPH)
Bottom of the 4th over - 0 runs, 1 hit, 0 errors, 2 left on base; Long Island 0 - Indiana 0
TOP OF THE 5TH
Long Island Ducks batting - Pitching for Indiana Lead Sox : RHP Ed Pearce
Batting: RHB Robert Green 0-0: Ball
1-0: Ball
2-0: Ball
3-0: Called Strike
3-1: Called Strike
3-2: Base on Balls
Batting: RHB Sergio González 0-0: Bunt - Flyout to 3S! F3
Batting: RHB Al Ruíz 0-0: Ball
1-0: SINGLE (Groundball, 56D, EV 108.8 MPH)
Robert Green to second
Batting: RHB Tom Kelley 0-0: Swinging Strike
0-1: Foul Ball, location: 2F
0-2: Strikes out swinging
Batting: RHB Kyle Michaud 0-0: Ball
1-0: Ball
Wild Pitch!
Robert Green to third
Al Ruíz to second
2-0: Called Strike
2-1: Foul Ball, location: 2F
2-2: Foul Ball, location: 2F
2-2: Strikes out swinging
Top of the 5th over - 0 runs, 1 hit, 0 errors, 2 left on base; Long Island 0 - Indiana 0
BOTTOM OF THE 5TH
Indiana Lead Sox batting - Pitching for Long Island Ducks : LHP Everton Stirzacre
Batting: RHB Roy Smith 0-0: Called Strike
0-1: Swinging Strike
0-2: Foul Ball, location: 2F
0-2: Strikes out swinging
Batting: RHB Aimo Joenlahti 0-0: Called Strike
0-1: Foul Ball, location: 2F
0-2: Foul Ball, location: 2F
0-2: Strikes out swinging
Batting: LHB David Davis 0-0: Ball
1-0: SINGLE (Line Drive, 8RS, EV 91.9 MPH)
Batting: RHB Jason Conway 0-0: Swinging Strike
0-1: SINGLE (Line Drive, 78M, EV 86.9 MPH)
David Davis to second
Batting: RHB Rich Pope 0-0: Ball
1-0: Foul Ball, location: 2F
1-1: Fly out, F4 (Flyball, 4MD, EV 85.6 MPH)
Bottom of the 5th over - 0 runs, 2 hits, 0 errors, 2 left on base; Long Island 0 - Indiana 0
TOP OF THE 6TH
Long Island Ducks batting - Pitching for Indiana Lead Sox : RHP Ed Pearce
Pitching: LHP Aurelio Pampoldi
Batting: RHB Abdul Razzad Zaimukhes 0-0: Ball
1-0: Foul Ball, location: 2F
1-1: Foul Ball, location: 2F
1-2: SINGLE (Groundball, 6, EV 98.1 MPH) (infield hit)
Batting: LHB Bilal Hussain 0-0: Ball
1-0: Called Strike
1-1: Reached on error, E4 (Groundball, 4, EV 85.6 MPH)
Abdul Razzad Zaimukhes to second
Batting: RHB Kenny Wright 0-0: Called Strike
0-1: Foul Ball, location: 2F
0-2: Ball
1-2: Strikes out looking
Batting: RHB Alfredo Torres 0-0: Ball
1-0: Called Strike
1-1: Ball
2-1: SINGLE (Flyball, 8RS, EV 90.6 MPH)
Abdul Razzad Zaimukhes to third
Bilal Hussain to second
Pitching: RHP Salvador Colón
Batting: RHB Robert Green 0-0: Ball
1-0: Foul Ball, location: 2F
1-1: Called Strike
1-2: Ball
2-2: Strikes out swinging
Batting: RHB Sergio González 0-0: Foul Ball, location: 2F
0-1: Ball
1-1: Ball
2-1: Ball
3-1: Called Strike
3-2: Base on Balls
Abdul Razzad Zaimukhes scores
Bilal Hussain to third
Alfredo Torres to second
Batting: RHB Al Ruíz 0-0: Ball
1-0: Ground out 6-3 (Groundball, 6S, EV 84.4 MPH)
Top of the 6th over - 1 run, 2 hits, 1 error, 3 left on base; Long Island 1 - Indiana 0
BOTTOM OF THE 6TH
Indiana Lead Sox batting - Pitching for Long Island Ducks : LHP Everton Stirzacre
Batting: RHB John Williams 0-0: Foul Ball, location: 2F
0-1: Fly out, F9 (Line Drive, 9, EV 91.9 MPH)
Batting: RHB Corey Joseph 0-0: Fly out, F9 (Line Drive, 9D, EV 105.0 MPH)
Batting: RHB Gary Bly 0-0: Ball
1-0: Ball
2-0: Ball
3-0: Called Strike
3-1: Base on Balls
Batting: SHB Tom Gray 0-0: Called Strike
0-1: Ball
1-1: Ball
2-1: Ball
3-1: Fly out, F9 (Line Drive, 9, EV 91.2 MPH)
Bottom of the 6th over - 0 runs, 0 hits, 0 errors, 1 left on base; Long Island 1 - Indiana 0
TOP OF THE 7TH
Long Island Ducks batting - Pitching for Indiana Lead Sox : RHP Salvador Colón
Batting: RHB Tom Kelley 0-0: Ball
1-0: Foul Ball, location: 2F
1-1: Swinging Strike
1-2: Ball
2-2: Strikes out swinging
Batting: RHB Kyle Michaud 0-0: Called Strike
0-1: Swinging Strike
0-2: Ball
1-2: Strikes out looking
Batting: RHB Abdul Razzad Zaimukhes 0-0: Ball
1-0: Foul Ball, location: 2F
1-1: SINGLE (Line Drive, 78S, EV 87.5 MPH)
Batting: LHB Bilal Hussain 0-0: Called Strike
0-1: Foul Ball, location: 2F
0-2: Strikes out swinging
Top of the 7th over - 0 runs, 1 hit, 0 errors, 1 left on base; Long Island 1 - Indiana 0
BOTTOM OF THE 7TH
Indiana Lead Sox batting - Pitching for Long Island Ducks : LHP Everton Stirzacre
Batting: RHB Roy Smith 0-0: Ball
1-0: Foul Ball, location: 2F
1-1: Foul Ball, location: 2F
1-2: Ball
2-2: Strikes out swinging
Batting: RHB Aimo Joenlahti 0-0: Called Strike
0-1: SINGLE (Line Drive, 9S, EV 100.6 MPH)
Batting: LHB David Davis 0-0: Called Strike
0-1: Ball
1-1: Called Strike
1-2: Ball
2-2: Foul Ball, location: 2F
2-2: Ball
3-2: Fly out, F9 (Flyball, 9S, EV 84.4 MPH)
Batting: RHB Jason Conway 0-0: Called Strike
0-1: Called Strike
0-2: Ball
1-2: Strikes out swinging
Bottom of the 7th over - 0 runs, 1 hit, 0 errors, 1 left on base; Long Island 1 - Indiana 0
TOP OF THE 8TH
Long Island Ducks batting - Pitching for Indiana Lead Sox : RHP Salvador Colón
Batting: RHB Kenny Wright 0-0: Ball
1-0: Ball
2-0: Ball
3-0: Base on Balls
Pitching: RHP Reynaldo Benítez
Batting: RHB Alfredo Torres 0-0: Foul Ball, location: 2F
0-1: Reached on error, E5 (Groundball, 56S, EV 86.9 MPH)
Kenny Wright to second
Batting: RHB Robert Green 0-0: Ball
1-0: Foul Ball, location: 2F
1-1: Sac Bunt to 15 - play at first, batter OUT! 1-4
Kenny Wright to third
Alfredo Torres to second
Batting: RHB Sergio González 0-0: Intentional Walk
Batting: RHB Al Ruíz 0-0: Ball
1-0: Foul Ball, location: 2F
1-1: Foul Ball, location: 2F
1-2: SINGLE (Groundball, 56D, EV 103.1 MPH)
Kenny Wright scores
Alfredo Torres to third
Sergio González to second
Batting: RHB Tom Kelley 0-0: Called Strike
0-1: Ball
1-1: Swinging Strike
1-2: Hit by Pitch
Alfredo Torres scores
Sergio González to third
Al Ruíz to second
Batting: RHB Kyle Michaud 0-0: Foul Ball, location: 2F
0-1: Foul Ball, location: 2F
0-2: Strikes out swinging
Batting: RHB Abdul Razzad Zaimukhes 0-0: Called Strike
0-1: Swinging Strike
0-2: Strikes out looking
Top of the 8th over - 2 runs, 1 hit, 1 error, 3 left on base; Long Island 3 - Indiana 0
BOTTOM OF THE 8TH
Indiana Lead Sox batting - Pitching for Long Island Ducks : LHP Everton Stirzacre
Pitching: LHP Byung-hyun Kim
Batting: RHB Rich Pope 0-0: Ball
1-0: Called Strike
1-1: Foul Ball, location: 2F
1-2: Ball
2-2: Ball
3-2: Foul Ball, location: 2F
3-2: Strikes out looking
Batting: RHB John Williams 0-0: Ball
1-0: Ball
2-0: Called Strike
2-1: Ball
3-1: Base on Balls
Batting: RHB Corey Joseph 0-0: Called Strike
0-1: Called Strike
0-2: Ball
1-2: Strikes out swinging
Batting: RHB Gary Bly 0-0: Called Strike
0-1: Ball
1-1: Foul Ball, location: 2F
1-2: Ground out 4-3 (Groundball, 4, EV 93.1 MPH)
Bottom of the 8th over - 0 runs, 0 hits, 0 errors, 1 left on base; Long Island 3 - Indiana 0
TOP OF THE 9TH
Long Island Ducks batting - Pitching for Indiana Lead Sox : RHP Reynaldo Benítez
Batting: LHB Bilal Hussain 0-0: Ball
1-0: Ball
2-0: Foul Ball, location: 2F
2-1: Called Strike
2-2: Strikes out swinging
Batting: RHB Kenny Wright 0-0: Called Strike
0-1: Ball
1-1: Ball
2-1: Called Strike
2-2: Ball
3-2: Foul Ball, location: 2F
3-2: SINGLE (Flyball, 8RS, EV 87.5 MPH)
Batting: RHB Alfredo Torres 0-0: Called Strike
0-1: Swinging Strike
0-2: Foul Ball, location: 2F
0-2: Ball
1-2: Foul Ball, location: 3F, Error on foul ball, E3
1-2: Foul Ball, location: 2F
1-2: Foul Ball, location: 2F
1-2: Ball
Kenny Wright steals 2nd base (no throw)
2-2: Ground out 5-3 (Groundball, 56, EV 100.0 MPH)
Batting: RHB Robert Green 0-0: Swinging Strike
0-1: Foul Ball, location: 2F
0-2: Strikes out swinging
Top of the 9th over - 0 runs, 1 hit, 1 error, 1 left on base; Long Island 3 - Indiana 0
BOTTOM OF THE 9TH
Indiana Lead Sox batting - Pitching for Long Island Ducks : LHP Byung-hyun Kim
Pitching: RHP Jimmy McDonald
Batting: SHB Tom Gray 0-0: Ball
1-0: Called Strike
1-1: Fly out, F9 (Flyball, 9LM, EV 82.5 MPH)
Batting: RHB Roy Smith 0-0: Fly out, F2 (Popup, 3SF, EV 75.0 MPH)
Batting: RHB Aimo Joenlahti 0-0: Ball
1-0: Foul Ball, location: 2F
1-1: Foul Ball, location: 2F
1-2: Ball
2-2: Ball
3-2: Fly out, F8 (Line Drive, 8RD, EV 99.4 MPH)
Bottom of the 9th over - 0 runs, 0 hits, 0 errors, 0 left on base; Long Island 3 - Indiana 0
Tuesday, January 5th, 2021 - OOTP Baseball 20.8 Build 74